 Dungeon Crawl Stone Soup version 0.17.0-23-g0de4337 (webtiles) character file.

52559 JudasIscariot the Blocker (level 14, -8/125 HPs)
             Began as a Demonspawn Fighter on Nov 14, 2015.
             Was a High Priest of Trog.
             Mangled by a slime creature (13 damage)
             ... on level 1 of the Depths.
             The game lasted 01:03:43 (13868 turns).

JudasIscariot the Blocker (Demonspawn Fighter)     Turns: 13868, Time: 01:03:43

Health: -8/125     AC: 40    Str: 24    XL:     14   Next: 27%
Magic:  14/14      EV: 13    Int: 10    God:    Trog [*****.]
Gold:   782        SH: 10    Dex: 22    Spells: 0 memorised, 13 levels left

rFire  . . .     SeeInvis .     m - +5 broad axe "Cyqewny" {chop, Dex+5}
rCold  . . .     Clarity  .     S - +27 Lear's hauberk
rNeg   + . .     SustAt   .     L - +2 buckler {AC+3}
rPois  .         Gourm    .     (helmet currently unavailable)
rElec  .         Spirit   .     b - +0 cloak
rCorr  .         Warding  +     (gloves currently unavailable)
rMut   .         Stasis   .     (boots currently unavailable)
MR     ++++.                    r - amulet of warding
Stlth  ..........               g - ring of protection from magic
                                K - +6 ring of dexterity

@: mighty, regenerating, studying Crossbows, incredibly resistant to hostile
enchantments, extremely unstealthy
A: horns 2, rugged brown scales 1, clumsy 1, deformed body, powered by pain 2,
robust 1, spiny 1, spit poison 2, weak 1
a: Spit Poison, Berserk, Trog's Hand, Brothers in Arms, Burn Spellbooks,
Renounce Religion


You were on level 1 of the Depths.
You worshipped Trog.
Trog was extremely pleased with you.
You were not hungry.

You visited 3 branches of the dungeon, and saw 17 of its levels.

You collected 958 gold pieces.
You spent 176 gold pieces at shops.

Inventory:

Hand Weapons
 m - the +5 broad axe "Cyqewny" (weapon) {chop, Dex+5}
   (Trog gifted it to you on level 14 of the Dungeon)

   It inflicts extra damage upon your enemies.
   It affects your dexterity (+5).
 J - the +7 hand axe "Jelly's Death Toll" {chop, Stlth+}
   (You bought it in a shop on level 7 of the Dungeon)

   It inflicts extra damage upon your enemies.
   It makes you more stealthy.
Missiles
 n - 26 javelins of penetration (quivered)
Armour
 b - a +0 cloak (worn)
 q - a +0 ice dragon armour
 L - a +2 buckler of protection (worn)
 S - the +27 Lear's hauberk (worn)
   (You found it on level 8 of the Dungeon)
Jewellery
 a - a +2 ring of protection
 g - a ring of protection from magic (right hand)
 k - a +2 ring of strength {unknown}
 r - an amulet of warding (around neck)
 w - an uncursed ring of flight
 y - an uncursed amulet of regeneration {unknown}
 D - a +4 ring of strength {unknown}
 H - an uncursed ring of protection from magic
 K - a +6 ring of dexterity (left hand)
 X - an uncursed ring of sustain attributes
Wands
 c - a wand of digging (13)
 o - a wand of slowing (20)
 p - a wand of cold (8)
 A - a wand of disintegration (16)
 B - a wand of polymorph (8)
 N - a wand of paralysis (8)
 O - a wand of random effects (18)
 T - a wand of heal wounds (7)
 V - a wand of lightning (9)
 Y - a wand of fire (10)
Scrolls
 h - 7 scrolls of teleportation
 x - a scroll of remove curse
 C - 2 scrolls of immolation
 G - 2 scrolls of recharging
 P - 2 scrolls of enchant armour
Potions
 d - 5 potions of might
 f - a potion of berserk rage
 i - 4 potions of agility
 j - a potion of resistance
 s - a potion of cancellation
 u - a potion of ambrosia
 v - a potion of flight
 F - 2 potions of invisibility
 R - 2 potions of magic
Books
 W - a manual of Crossbows
Comestibles
 e - 11 bread rations
 l - 2 royal jellies
 t - 7 meat rations
 z - 3 beef jerkies
 E - 4 chunks of flesh
 M - 5 fruits
 Z - 2 slices of pizza


   Skills:
 * Level 10.6 Fighting
 * Level 10.3(11.1) Axes
   Level 6.5(9.4) Maces & Flails
 + Level 1.2 Throwing
 * Level 11.2 Armour
 + Level 5.7 Dodging
 + Level 1.2 Stealth
 * Level 12.6 Shields


You had 13 spell levels left.
You didn't know any spells.

Dungeon Overview and Level Annotations

Branches:
Dungeon (15/15)            Temple (1/1) D:5            Lair (0/8) D:10
    Orc (0/4) D:9          Vaults (0/5) D:14         Depths (1/5) D:15

Altars:
Ashenzari
Cheibriados
Dithmenos
Elyvilon
Fedhas
Gozag
Kikubaaqudgha
Makhleb
Nemelex Xobeh
Okawaru
Qazlal
Ru
Sif Muna
Trog
Xom
Yredelemnul
Zin
The Shining One

Shops:
D:7 (   D:11 *   D:14 :


Innate Abilities, Weirdness & Mutations

You have a pair of horns on your head.
You are partially covered in rugged brown scales (AC +1, +3% HP).
You sometimes gain power by taking damage.
You are partially covered in sharp spines.
You are clumsy. (Dex -2)
Armour fits poorly on your strangely shaped body.
You are robust (+10% HP).
You can spit poison.
You are weak. (Str -2)


Message History

Two slime creatures merge to form a large slime creature.
The slime creature hits you but does no damage.
Two slime creatures merge to form a large slime creature.
The slime creature hits you but does no damage.
A large slime creature splits.
The large slime creature is struck by your spines.
The large slime creature hits you but does no damage.
The slime creature hits you but does no damage.
You can move again.
Drink which item? (? for menu, Esc to quit)
Okay, then.
Your skin crawls.
You feel resistant to hostile enchantments.
You feel slightly more hungry. The slime creature closely misses you.
The large slime creature hits you.
* * * LOW HITPOINT WARNING * * *
You block the slime creature's attack.
The slime creature is struck by your spines.
The slime creature hits you!
You die...

#..⌠...⌠...⌠.
#............
#............
##.......)....
#.............
#...⌠...⌠...⌠.
#########...≈≈≈≈≈≈≈≈≈≈
.###...JJ....############
.......J@....#
####...J.....#
.....##.###### #### #.# .
..# #..# #..# #... #...


You could see a large slime creature and 3 slime creatures.

Vanquished Creatures
  A caustic shrike (Depths:1)
  Rupert (D:12)
  A fire giant (Depths:1)
  A vampire knight (Depths:1)
  A merfolk javelineer (Depths:1)
  A vault guard (D:14)
  Erolcha (D:11)
  An ettin (D:15)
  2 fire dragons
  A hydra (D:13)
  7 centaur warriors
  An ogre mage (D:15)
  A vampire mage (Depths:1)
  Urug (D:11)
  6 tengu warriors
  Sonja (D:11)
  2 hill giants
  An orc sorcerer (D:15)
  4 cyclopes
  A hornet (shapeshifter) (Depths:1)
  4 ugly things
  A harpy (D:14)
  A griffon (D:14)
  A manticore (D:11)
  Joseph (D:8)
  2 gargoyles
  4 kobold demonologists (D:14)
  An efreet (D:15)
  A komodo dragon (D:14)
  3 trolls
  2 freezing wraiths (D:15)
  A tengu conjurer (Depths:1)
  2 two-headed ogres (D:13)
  A trapdoor spider zombie (D:11)
  A blink frog (shapeshifter) (Depths:1)
  8 slime creatures
  2 trapdoor spiders (shapeshifter)
  2 deep elf magi
  A centaur simulacrum (D:14)
  A wraith (D:13)
  A spriggan (D:9)
  6 water elementals
  A hippogriff (D:8)
  3 wyverns
  3 hungry ghosts
  A basilisk (D:15)
  25 yaks
  2 mottled dragons
  8 vampire mosquitoes
  2 water moccasins
  8 orc warriors
  11 ogres
  A black bear (D:7)
  22 centaurs
  An eye of draining (D:13)
  3 phantoms
  A black bear (shapeshifter) (D:13)
  A crocodile (D:9)
  4 big kobolds
  A brain worm (D:15)
  8 giant frogs
  3 gnoll sergeants
  A wyvern skeleton (D:8)
  A water moccasin zombie (D:12)
  5 scorpions
  14 wights
  7 electric eels (D:12)
  7 crimson imps
  7 hounds
  2 giant frog zombies
  6 orc priests
  4 jellies
  3 centaur skeletons
  A quasit (D:13)
  A giant frog skeleton (D:10)
  10 orc wizards
  5 iguanas
  5 worker ants
  10 adders
  8 gnolls
  6 shadow imps
  An ooze (D:1)
  An adder zombie (D:7)
  3 adder skeletons
  9 giant geckos
  48 orcs
  8 bats
  6 giant cockroaches
  3 hobgoblins
  3 jackals (D:1)
  7 quokkas
  A ball python (D:4)
  A giant gecko skeleton (D:4)
  A giant gecko zombie (D:6)
  4 giant newts
  7 goblins
  21 kobolds
  A quokka zombie (D:7)
  7 rats
427 creatures vanquished.

Vanquished Creatures (collateral kills)
  A centaur warrior (D:15)
1 creature vanquished.

Vanquished Creatures (others)
  A tengu warrior (D:13)
  2 unseen horrors
  An orc wizard (D:5)
  2 orcs (D:12)
  12 plants (D:15)
18 creatures vanquished.

Grand Total: 446 creatures vanquished

Notes
Turn   | Place    | Note
--------------------------------------------------------------
     0 | D:1      | JudasIscariot the Demonspawn Fighter began the quest for the Orb.
     0 | D:1      | Reached XP level 1. HP: 18/18 MP: 1/1
   235 | D:1      | Gained mutation: You are partially covered in sharp spines. [demonic ancestry]
   235 | D:1      | Reached XP level 2. HP: 10/24 MP: 2/2
   606 | D:2      | Gained mutation: You sometimes gain a little power by taking damage. [demonic ancestry]
   606 | D:2      | Reached XP level 3. HP: 19/29 MP: 3/3
   987 | D:2      | Reached skill level 1 in Dodging
  1183 | D:2      | Reached XP level 4. HP: 32/35 MP: 4/4
  1331 | D:3      | Noticed a centaur
  1338 | D:3      | Killed a centaur
  1338 | D:3      | Gained mutation: You are partially covered in rugged brown scales (AC +1, +3% HP). [demonic ancestry]
  1338 | D:3      | Reached XP level 5. HP: 22/43 MP: 5/5
  1401 | D:3      | Reached skill level 4 in Fighting
  1407 | D:3      | Gained mutation: You have a pair of small horns on your head. [demonic ancestry]
  1407 | D:3      | Reached XP level 6. HP: 34/49 MP: 6/6
  1661 | D:3      | Found a snail-covered altar of Cheibriados.
  2408 | D:4      | Found a sacrificial altar of Ru.
  2625 | D:4      | Found a glowing silver altar of Zin.
  2741 | D:4      | Reached XP level 7. HP: 46/55 MP: 7/7
  2929 | D:5      | Entered Level 5 of the Dungeon
  3093 | D:5      | Found a staircase to the Ecumenical Temple.
  3104 | Temple   | Entered the Ecumenical Temple
  3176 | Temple   | Became a worshipper of Trog the Wrathful
  3342 | D:5      | You fall through a shaft!
  3546 | D:6      | Reached skill level 5 in Armour
  3578 | D:6      | Reached skill level 5 in Shields
  3578 | D:6      | Reached XP level 8. HP: 46/62 MP: 8/8
  3814 | D:6      | Reached skill level 5 in Fighting
  4048 | D:7      | Found an ancient bone altar of Kikubaaqudgha.
  4059 | D:7      | Found a glowing golden altar of the Shining One.
  4063 | D:7      | Found a deep blue altar of Sif Muna.
  4184 | D:7      | Reached * piety under Trog
  4207 | D:7      | Found a snail-covered altar of Cheibriados.
  4262 | D:7      | Reached skill level 6 in Shields
  4365 | D:7      | Reached skill level 5 in Maces & Flails
  4653 | D:7      | Found Ucegepp's Antique Weapon Shop.
  4672 | D:7      | Found a sparkling altar of Nemelex Xobeh.
  4768 | D:7      | Bought a twisted hand axe for 176 gold pieces
  4768 | D:7      | Identified the +7 hand axe "Jelly's Death Toll" {chop, Stlth+} (You bought it in a shop on level 7 of the Dungeon)
  4858 | D:8      | Reached XP level 9. HP: 50/70 MP: 9/9
  4996 | D:8      | Noticed Joseph
  5006 | D:8      | Killed Joseph
  5266 | D:8      | Reached skill level 1 in Axes
  5353 | D:8      | Reached skill level 1 in Stealth
  5377 | D:8      | Reached skill level 7 in Armour
  5585 | D:9      | Found a staircase to the Orcish Mines.
  5597 | D:9      | Reached ** piety under Trog
  5610 | D:9      | Gained mutation: You have a pair of horns on your head. [demonic ancestry]
  5610 | D:9      | Reached XP level 10. HP: 64/78 MP: 10/10
  5965 | D:9      | Reached skill level 8 in Shields
  5992 | D:9      | Reached *** piety under Trog
  6494 | D:10     | Entered Level 10 of the Dungeon
  6644 | D:10     | Gained mutation: You can spit weak poison. [potion of mutation]
  6644 | D:10     | Gained mutation: You are weak. (Str -2) [potion of mutation]
  6644 | D:10     | Gained mutation: Your mind is acute. (Int +2) [potion of mutation]
  6667 | D:10     | Received a gift from Trog
  6809 | D:10     | Found a staircase to the Lair.
  7021 | D:10     | Noticed a cyclops
  7030 | D:10     | Killed a cyclops
  7279 | D:11     | Noticed a manticore
  7282 | D:11     | Noticed a green ugly thing
  7289 | D:11     | Killed a manticore
  7289 | D:11     | Reached skill level 9 in Shields
  7289 | D:11     | Reached XP level 11. HP: 69/86 MP: 11/11
  7303 | D:11     | Killed a green ugly thing
  7327 | D:11     | Gained mutation: You passively map a small area around you. [mutagenic meat]
  7525 | D:11     | Noticed Urug
  7542 | D:11     | Killed Urug
  7637 | D:11     | Found Uproiw's Elemental Accessories.
  7766 | D:11     | Reached **** piety under Trog
  7853 | D:11     | Noticed Erolcha
  7862 | D:11     | Killed Erolcha
  7862 | D:11     | Reached skill level 5 in Axes
  7934 | D:11     | Noticed Sonja
  8221 | D:11     | Killed an unseen horror
  8513 | D:11     | Killed Sonja
  9148 | D:12     | Reached skill level 10 in Shields
  9213 | D:12     | Noticed Rupert
  9249 | D:12     | HP: 5/132 [Rupert/great mace of protection (25)]
  9253 | D:12     | Killed Rupert
  9253 | D:12     | Reached XP level 12. HP: 6/96 MP: 12/12
  9546 | D:12     | Noticed a hill giant
  9554 | D:12     | Killed a hill giant
  9888 | D:12     | Reached skill level 1 in Throwing
 10076 | D:13     | Noticed a centaur warrior
 10097 | D:13     | Killed a centaur warrior
 10282 | D:13     | Reached ***** piety under Trog
 10340 | D:13     | Reached skill level 10 in Armour
 10399 | D:13     | Noticed an eight-headed hydra
 10408 | D:13     | Killed a nine-headed hydra
 10441 | D:13     | Noticed a centaur warrior
 10459 | D:13     | Killed a centaur warrior
 10731 | D:13     | Gained mutation: Armour fits poorly on your strangely shaped body. [mutagenic meat]
 10732 | D:13     | Gained mutation: You can spit poison. [mutagenic meat]
 10893 | D:13     | You fall through a shaft!
 10893 | D:14     | Found a shattered altar of Ashenzari.
 10906 | D:14     | Lost mutation: You passively map a small area around you. [mutagenic meat]
 10908 | D:14     | Gained mutation: Scrolls take you a little longer to read. [mutagenic meat]
 10909 | D:14     | Gained mutation: You are robust (+10% HP). [mutagenic meat]
 10952 | D:14     | Reached skill level 11 in Shields
 10967 | D:14     | Noticed a centaur warrior
 10974 | D:14     | Killed a centaur warrior
 11108 | D:14     | Found a shimmering altar of Xom.
 11211 | D:14     | Reached skill level 5 in Dodging
 11305 | D:14     | Reached XP level 13. HP: 91/114 MP: 13/13
 11315 | D:14     | Received a gift from Trog
 11325 | D:14     | Got a crude broad axe {god gift}
 11326 | D:14     | Identified the +5 broad axe "Cyqewny" {chop, Dex+5} (Trog gifted it to you on level 14 of the Dungeon)
 11427 | D:14     | Noticed a centaur warrior
 11428 | D:14     | Noticed a fire dragon
 11432 | D:14     | Noticed a vault guard
 11438 | D:14     | Killed a centaur warrior
 11441 | D:14     | Killed a vault guard
 11449 | D:14     | Killed a fire dragon
 11470 | D:14     | Found a gate to the Vaults.
 11733 | D:14     | Found Atip's Book Boutique.
 11863 | D:14     | Lost mutation: Scrolls take you a little longer to read. [mutagenic meat]
 11868 | D:14     | Lost mutation: Your mind is acute. (Int +2) [mutagenic meat]
 12178 | D:15     | Entered Level 15 of the Dungeon
 12224 | D:15     | Reached skill level 10 in Fighting
 12610 | D:15     | Reached skill level 12 in Shields
 13252 | D:15     | Found a staircase to the Depths.
 13261 | Depths:1 | Entered Level 1 of the Depths
 13321 | Depths:1 | Noticed a caustic shrike
 13333 | Depths:1 | Killed a caustic shrike
 13333 | Depths:1 | Reached skill level 10 in Axes
 13333 | Depths:1 | Gained mutation: You sometimes gain power by taking damage. [demonic ancestry]
 13333 | Depths:1 | Reached XP level 14. HP: 39/125 MP: 14/14
 13390 | Depths:1 | Gained mutation: You are clumsy. (Dex -2) [mutagenic meat]
 13457 | Depths:1 | Noticed a vampire knight
 13473 | Depths:1 | Killed a vampire knight
 13790 | Depths:1 | Noticed a fire giant
 13800 | Depths:1 | Killed a fire giant
 13853 | Depths:1 | Noticed a fire giant
 13861 | Depths:1 | Paralysed by a wizard for 7 turns
 13863 | Depths:1 | HP: 3/125 [fire giant/bolt of fire (16)]
 13868 | Depths:1 | HP: 5/125 [large slime creature (1)]
 13868 | Depths:1 | Mangled by a slime creature

Action                   |  1- 3 |  4- 6 |  7- 9 | 10-12 | 13-15 || total
-------------------------+-------+-------+-------+-------+-------++-------
Melee: Flail             |    70 |    81 |    61 |       |       ||   212
       Morningstar       |       |       |    64 |     4 |       ||    68
       Hand axe          |       |       |    82 |   409 |     9 ||   500
       War axe           |       |       |       |   206 |       ||   206
       Broad axe         |       |       |       |       |   264 ||   264
Throw: Javelin           |       |       |       |     9 |       ||     9
Invok: Burn Spellbooks   |       |       |     1 |     5 |     1 ||     7
       Berserk           |       |       |     1 |     2 |       ||     3
       Trog's Hand       |       |       |       |     4 |     4 ||     8
       Brothers in Arms  |       |       |       |     1 |     1 ||     2
 Abil: Spit Poison       |       |       |       |     2 |       ||     2
Evoke: Wand              |       |       |       |       |     1 ||     1
  Use: Scroll            |       |       |     6 |    17 |    14 ||    37
       Potion            |       |       |       |     9 |     4 ||    13
  Eat: Chunk             |     1 |     5 |     6 |    26 |    12 ||    50
       Bread ration      |       |       |     1 |     2 |     1 ||     4
